 Dungeon Crawl Stone Soup version 0.28.0-43-g3370ac3207 (webtiles) character file.

Game seed: 2298033088754159237

19881 Ablot the Thaumaturge (level 12, 0/94 HPs)
             Began as a Gnoll Warper on Mar 11, 2022.
             Was a High Priest of Okawaru.
             Slain by a boulder beetle (23 damage)
             ... on level 13 of the Dungeon.
             The game lasted 00:34:56 (18323 turns).

Ablot the Thaumaturge (Gnoll Warper)               Turns: 18323, Time: 00:34:56

Health: 0/94       AC: 15    Str: 16    XL:     12   Next: 73%
Magic:  25/25      EV: 17    Int:  7    God:    Okawaru [*****.]
Gold:   728        SH:  6    Dex: 18    Spells: 22/29 levels left

rFire   + . .      SeeInvis .   a - +0 spear (vamp)
rCold   . . .      Faith    +   O - +0 buckler
rNeg    + . .      Spirit   .   b - +0 steam dragon scales
rPois   .          Reflect  .   w - +2 helmet
rElec   .          Harm     .   Y - scarf {repulsion}
rCorr   .          Rampage  .   G - +2 pair of gloves
Will    ++...                   I - +1 pair of boots
Stlth   ++++......              g - amulet of faith
HPRegen 0.25/turn               Q - ring of Peppere {rF+ rN+ Will++ Int-5}
MPRegen 0.19/turn               S - ring "Lirorghiac" {Dex+6 Slay+3}

@: repel missiles
A: fangs 1, strong nose, distributed training
a: Renounce Religion, Heroism, Finesse, Duel


You were on level 13 of the Dungeon.
You worshipped Okawaru.
Okawaru was extremely pleased with you.
You visited 2 branches of the dungeon, and saw 14 of its levels.

You collected 728 gold pieces.

Inventory:

Hand Weapons
 a - a +0 vampiric spear (weapon)
 y - a +2 halberd of venom
 P - the +6 short sword "Giufyna" {flame, rF- rN+++ Str+9 Int-5}
   (You found it on level 6 of the Dungeon)

   It burns those it strikes, dealing additional fire damage.
   Str:       It affects your strength (+9).
   Int:       It affects your intelligence (-5).
   rF:        It makes you vulnerable to fire.
   rN:        It renders you almost immune to negative energy.
Missiles
 d - 5 javelins
 h - 181 arrows
 k - 301 stones
 p - 51 bolts
 q - 12 poisoned darts (quivered)
 s - 39 sling bullets
 X - a throwing net
Armour
 b - +0 steam dragon scales (worn)
 w - a +2 helmet (worn)
 G - a +2 pair of gloves (worn)
 I - a +1 pair of boots (worn)
 O - a +0 buckler (worn)
 Y - a scarf of repulsion (worn)
Jewellery
 g - an amulet of faith (around neck)
 r - the ring of Xybbux {Fire rElec rN+ Str+3 Stlth-}
   (You found it on level 12 of the Dungeon)

   [ring of fire]

   It enhances your fire magic.
   Str:       It affects your strength (+3).
   rF:        It protects you from fire.
   rC:        It makes you vulnerable to cold.
   rElec:     It insulates you from electricity.
   rN:        It protects you from negative energy.
   Stlth:     It makes you less stealthy.
 v - the ring of Nodaip {rC++ rCorr Str+6 Int-5 Dex+2}
   (You found it on level 7 of the Dungeon)

   [ring of strength]

   Str:       It affects your strength (+6).
   Int:       It affects your intelligence (-5).
   Dex:       It affects your dexterity (+2).
   rC:        It greatly protects you from cold.
   rCorr:     It protects you from acid and corrosion.
 B - the ring "Yvimarr" {Fire MP+9 Dex+3}
   (You took it off a gnoll on level 4 of the Dungeon)

   [ring of fire]

   It enhances your fire magic.
   Dex:       It affects your dexterity (+3).
   rF:        It protects you from fire.
   rC:        It makes you vulnerable to cold.
   MP:        It affects your magic capacity (+9).
 Q - the ring of Peppere (left hand) {rF+ rN+ Will++ Int-5}
   (You found it on level 7 of the Dungeon)

   [ring of positive energy]

   Int:       It affects your intelligence (-5).
   rF:        It protects you from fire.
   rN:        It protects you from negative energy.
   Will:      It greatly increases your willpower.
 R - the amulet of Desertification {RegenMP rElec rC+ Str-5 Dex+4}
   (You found it on level 7 of the Dungeon)

   [amulet of magic regeneration]

   It increases your rate of magic regeneration.
   Str:       It affects your strength (-5).
   Dex:       It affects your dexterity (+4).
   rC:        It protects you from cold.
   rElec:     It insulates you from electricity.
 S - the ring "Lirorghiac" (right hand) {Dex+6 Slay+3}
   (You found it on level 7 of the Dungeon)

   [ring of dexterity]

   Dex:       It affects your dexterity (+6).
   Slay:      It affects your accuracy & damage with ranged weapons and melee
   (+3).
Wands
 C - a wand of digging (5)
 D - a wand of acid (5)
 M - a wand of mindburst (2)
 N - a wand of iceblast (8)
 T - a wand of charming (12)
 U - a wand of flame (19)
Scrolls
 c - 5 scrolls of blinking
 f - a scroll of summoning {unknown}
 j - a scroll of fear {unknown}
 m - a scroll of silence {unknown}
 n - a scroll of acquirement {unknown}
 x - 7 scrolls of teleportation
 F - 2 scrolls of vulnerability {unknown}
 H - 2 scrolls of enchant weapon {unknown}
 J - a scroll of fog {unknown}
 L - a scroll of amnesia {unknown}
 V - a scroll of enchant armour {unknown}
Potions
 e - 3 potions of flight
 i - 2 potions of lignification
 l - 5 potions of heal wounds
 o - 4 potions of ambrosia
 t - a potion of mutation {unknown}
 u - a potion of resistance {unknown}
 z - 9 potions of curing
 A - a potion of haste {unknown}
 E - 2 potions of brilliance
 K - a potion of degeneration {unknown}
 W - 2 potions of attraction {unknown}
 Z - a potion of might {unknown}


   Skills:
 + Level 8.9 Fighting
 + Level 7.5 Short Blades
 + Level 7.5 Long Blades
 + Level 7.5 Axes
 + Level 7.5 Maces & Flails
 + Level 8.9 Polearms
 + Level 7.5 Staves
 + Level 7.5 Slings
 + Level 7.5 Bows
 + Level 7.5 Crossbows
 + Level 8.0 Throwing
 + Level 8.0 Armour
 + Level 8.9 Dodging
 + Level 7.5 Stealth
 + Level 7.5 Shields
 + Level 7.5 Unarmed Combat
 + Level 9.1 Spellcasting
 + Level 6.3 Conjurations
 + Level 6.3 Hexes
 + Level 6.3 Summonings
 + Level 6.3 Necromancy
 + Level 8.4 Translocations
 + Level 6.3 Transmutations
 + Level 6.3 Fire Magic
 + Level 6.3 Ice Magic
 + Level 6.3 Air Magic
 + Level 6.3 Earth Magic
 + Level 6.3 Poison Magic
 + Level 8.3 Invocations
 + Level 7.5 Evocations


You had 22 spell levels left.
You knew the following spells:

 Your Spells              Type           Power      Damage    Failure   Level
a - Blink                 Tloc           30%        N/A       1%          2
b - Gell's Gravitas       Tloc           15%        N/A       1%          3
c - Wereblood             Tmut           12%        N/A       2%          2

Your spell library contained the following spells:

 Spells                   Type           Power      Damage    Failure   Level
 Beastly Appendage        Tmut           24%        N/A       1%          1
 Pain                     Necr           48%        1d6       1%          1
 Lesser Beckoning         Tloc           15%        N/A       1%          3
 Teleport Other           Tloc           15%        N/A       1%          3
 Ozocubu's Armour         Ice            12%        N/A       4%          3
 Spider Form              Tmut/Pois      12%        N/A       4%          3
 Manifold Assault         Tloc           15%        N/A       19%         5
 Agony                    Necr           12%        N/A       43%         5
 Excruciating Wounds      Necr           6%         N/A       43%         5
 Ozocubu's Refrigeration  Ice            6%         4d6       100%        7


Dungeon Overview and Level Annotations

Branches:
Dungeon (13/15)            Temple (1/1) D:5            Lair (0/6) D:10
    Orc (0/2) D:10
 Vaults: D:13-14

Altars:
Ashenzari
Cheibriados
Dithmenos
Elyvilon
Fedhas
Gozag
Hepliaklqana
Kikubaaqudgha
Makhleb
Nemelex Xobeh
Okawaru
Qazlal
Ru
Sif Muna
Trog
Uskayaw
Vehumet
Wu Jian
Xom
Yredelemnul
Zin
The Shining One

Shops:
D:10 [

Annotations:
D:7 1 runed translucent door
D:8 1 runed translucent door, exclusion: door


Innate Abilities, Weirdness & Mutations

You have very sharp teeth.
Your uncanny sense of smell can sniff out nearby items.
Your experience applies equally to all skills.


Message History

You puncture the white ugly thing!
You feel better.
The white ugly thing is heavily wounded.
You puncture the white ugly thing!
You feel better.
The white ugly thing is severely wounded.
The white ugly thing barely misses you.
You hit the white ugly thing.
You bite the white ugly thing, but do no damage.
The white ugly thing is severely wounded.
The white ugly thing kicks you but does no damage.
You barely miss the white ugly thing.
The white ugly thing is severely wounded.
You hit the white ugly thing.
You feel better.
The white ugly thing is severely wounded.
The white ugly thing barely misses you.
You hit the white ugly thing but do no damage.
The white ugly thing is severely wounded.
You block the white ugly thing's attack.
You hit the white ugly thing.
The white ugly thing is almost dead.
You block the white ugly thing's attack.
You hit the white ugly thing.
The white ugly thing is almost dead.
You hit the white ugly thing. Your bite misses the white ugly thing.
The white ugly thing is almost dead.
The white ugly thing closely misses you.
You barely miss the white ugly thing.
The white ugly thing is almost dead.
The white ugly thing kicks you! The white ugly thing freezes you!!
* * * LOW HITPOINT WARNING * * *
You hit the white ugly thing.
You kill the white ugly thing!
Okawaru accepts your kill. The boulder beetle bites you.
* * * LOW HITPOINT WARNING * * *
There is a stone staircase leading up, spattered with blood here.
You see here an ugly thing corpse.
You completely miss the boulder beetle. You block the boulder beetle's attack.
You hit the boulder beetle but do no damage.
The boulder beetle bites you!!
You die...

..... .... ∆
... ∆ .. #.
##.##
#...#########
#B@........
#...#########
##.## #. ##


You could see a boulder beetle.

Vanquished Creatures
  A great orb of eyes (D:12)
  5 two-headed ogres
  3 skeletal warriors
  An orc sorcerer (D:10)
  A deep elf pyromancer (D:12)
  A manticore (D:11)
  A cyclops (D:7)
  3 ugly things
  The ghost of Zero1 the Chopper, a novice HOFi of Trog (D:6)
  The ghost of Ablot the Grasshopper, a novice GnWr of Cheibriados (D:5)
  3 unseen horrors
  A gargoyle (D:11)
  2 komodo dragons (D:12)
  A queen bee (D:6)
  6 slime creatures
  3 hornets
  2 shadows
  3 wraiths
  2 yaks (D:7)
  2 steam dragons
  3 wargs (D:10)
  A two-headed ogre zombie (D:10)
  3 acid dragons
  2 water moccasins
  2 black bears
  An ice beast (D:6)
  5 ogres
  2 orc warriors
  4 necrophages
  3 sky beasts
  2 centaurs (D:6)
  A phantom (D:10)
  A kobold brigand (D:10)
  5 bullfrogs
  A scorpion (D:6)
  2 gnoll sergeants
  2 water moccasin zombies (D:6)
  4 troll zombies (D:10)
  A water moccasin skeleton (D:5)
  13 killer bees
  4 wights (D:9)
  5 howler monkeys
  6 centaur zombies
  2 hounds
  A gnoll shaman (D:6)
  7 orc priests
  2 iguanas
  Terence (D:2)
  12 orc wizards
  2 killer bee zombies (D:6)
  3 ogre zombies (D:10)
  18 gnolls
  A howler monkey zombie (D:9)
  7 adders
  A howler monkey skeleton (D:5)
  4 shadow imps
  4 white imps
  2 ufetubi
  A worm (D:5)
  2 dart slugs
  34 orcs
  5 endoplasms
  4 giant cockroaches
  5 goblins
  5 hobgoblins
  6 jackals
  11 kobolds
  A quokka (D:5)
  3 ball pythons
  3 bats
  4 frilled lizards
  2 goblin skeletons (D:10)
  A goblin zombie (D:10)
  4 hobgoblin zombies (D:10)
  2 orc skeletons (D:10)
  16 orc zombies (D:10)
  3 rats
295 creatures vanquished.

Vanquished Creatures (others)
  A demonic plant (D:1)
  3 plants
4 creatures vanquished.

Grand Total: 299 creatures vanquished

Notes
Turn   | Place    | Note
-------+----------+-------------------------------------------
     0 | D:1      | Ablot the Gnoll Warper began the quest for the Orb.
     0 | D:1      | Reached XP level 1. HP: 20/20 MP: 6/6
    15 | D:1      | Found a faded altar of an unknown god.
   153 | D:1      | Reached XP level 2. HP: 19/26 MP: 7/7
   156 | D:1      | Learned a level 2 spell: Blink
   743 | D:1      | Reached XP level 3. HP: 31/31 MP: 9/9
  1155 | D:2      | Reached skill level 5 in Spellcasting
  1231 | D:2      | Noticed Terence
  1250 | D:2      | Killed Terence
  1251 | D:2      | Reached skill level 1 in Short Blades
  1251 | D:2      | Reached skill level 1 in Long Blades
  1251 | D:2      | Reached skill level 1 in Axes
  1251 | D:2      | Reached skill level 1 in Maces & Flails
  1251 | D:2      | Reached skill level 1 in Staves
  1251 | D:2      | Reached skill level 1 in Slings
  1251 | D:2      | Reached skill level 1 in Bows
  1251 | D:2      | Reached skill level 1 in Crossbows
  1251 | D:2      | Reached skill level 1 in Stealth
  1251 | D:2      | Reached skill level 1 in Shields
  1251 | D:2      | Reached skill level 1 in Unarmed Combat
  1251 | D:2      | Reached skill level 1 in Invocations
  1251 | D:2      | Reached skill level 1 in Evocations
  1251 | D:2      | Reached XP level 4. HP: 32/38 MP: 11/11
  2010 | D:3      | Noticed a black bear
  2032 | D:3      | Reached skill level 1 in Conjurations
  2032 | D:3      | Reached skill level 1 in Hexes
  2032 | D:3      | Reached skill level 1 in Summonings
  2032 | D:3      | Reached skill level 1 in Necromancy
  2032 | D:3      | Reached skill level 1 in Transmutations
  2032 | D:3      | Reached skill level 1 in Fire Magic
  2032 | D:3      | Reached skill level 1 in Ice Magic
  2032 | D:3      | Reached skill level 1 in Air Magic
  2032 | D:3      | Reached skill level 1 in Earth Magic
  2032 | D:3      | Reached skill level 1 in Poison Magic
  2359 | D:3      | Reached XP level 5. HP: 20/43 MP: 12/12
  3207 | D:3      | Killed a black bear
  3208 | D:3      | Reached XP level 6. HP: 50/50 MP: 14/14
  3458 | D:4      | Found a shadowy altar of Dithmenos.
  3487 | D:4      | Reached skill level 5 in Fighting
  3487 | D:4      | Reached skill level 5 in Polearms
  3487 | D:4      | Reached skill level 5 in Dodging
  4584 | D:4      | Reached XP level 7. HP: 53/56 MP: 15/15
  4717 | D:4      | Identified the ring "Yvimarr" {Fire MP+9 Dex+3}
  5533 | D:5      | Entered Level 5 of the Dungeon
  6008 | D:5      | Found a staircase to the Ecumenical Temple.
  6049 | Temple   | Entered the Ecumenical Temple
  6247 | Temple   | Became a worshipper of Warmaster Okawaru
  6940 | D:5      | Reached XP level 8. HP: 61/63 MP: 16/16
  7184 | D:5      | Noticed Ablot's ghost (novice GnWr)
  7185 | D:5      | Found a transporter.
  7530 | D:6      | Reached skill level 6 in Spellcasting
  7765 | D:6      | Reached * piety under Okawaru
  7837 | D:6      | Noticed a hornet
  7837 | D:6      | Noticed a queen bee
  7846 | D:6      | Noticed a hornet
  7849 | D:6      | Paralysed by a hornet for 3 turns
  7852 | D:6      | Killed a hornet
  7852 | D:6      | Noticed Zero1's ghost (novice HOFi)
  7973 | D:6      | Found a transporter.
  7978 | D:6      | Found a transporter.
  8120 | D:6      | Reached XP level 9. HP: 69/69 MP: 18/18
  8256 | D:6      | Reached ** piety under Okawaru
  8424 | D:6      | Noticed a two-headed ogre
  8466 | D:6      | HP: 1/69 [two-headed ogre/+0 giant club (20)]
  8469 | D:6      | Killed a two-headed ogre
  8470 | D:6      | Reached skill level 5 in Throwing
  8470 | D:6      | Reached skill level 5 in Armour
  8826 | D:6      | Reached *** piety under Okawaru
  8851 | D:6      | Reached skill level 5 in Invocations
  8897 | D:6      | Reached skill level 7 in Spellcasting
  8916 | D:6      | Reached XP level 10. HP: 52/77 MP: 20/20
  9113 | D:6      | Identified the +6 short sword "Giufyna" {flame, rF- rN+++
                  | Str+9 Int-5}
  9517 | D:7      | Reached skill level 5 in Short Blades
  9517 | D:7      | Reached skill level 5 in Long Blades
  9517 | D:7      | Reached skill level 5 in Axes
  9517 | D:7      | Reached skill level 5 in Maces & Flails
  9517 | D:7      | Reached skill level 5 in Staves
  9517 | D:7      | Reached skill level 5 in Slings
  9517 | D:7      | Reached skill level 5 in Bows
  9517 | D:7      | Reached skill level 5 in Crossbows
  9517 | D:7      | Reached skill level 5 in Stealth
  9517 | D:7      | Reached skill level 5 in Shields
  9517 | D:7      | Reached skill level 5 in Unarmed Combat
  9517 | D:7      | Reached skill level 5 in Evocations
  9660 | D:7      | Reached **** piety under Okawaru
 10324 | D:7      | Identified the ring of Peppere {rF+ rN+ Will++ Int-5}
 10333 | D:7      | Learned a level 3 spell: Gell's Gravitas
 10336 | D:7      | Identified the ring of Nodaip {rC++ rCorr Str+6 Int-5
                  | Dex+2}
 10340 | D:7      | Noticed a cyclops
 10359 | D:7      | Killed an unseen horror
 10368 | D:7      | Killed an unseen horror
 10368 | D:7      | Received a gift from Okawaru
 10375 | D:7      | Killed a cyclops
 10662 | D:7      | Identified the amulet of Desertification {RegenMP rElec rC+
                  | Str-5 Dex+4}
 10665 | D:7      | Identified the ring "Lirorghiac" {Dex+6 Slay+3}
 10677 | D:7      | Found a runed translucent door.
 10679 | D:7      | Noticed a boulder beetle
 10679 | D:7      | Noticed a cyan ugly thing
 10723 | D:7      | Found a runed translucent door.
 10723 | D:7      | Found a runed translucent door.
 11047 | D:5      | Found a transporter.
 11078 | D:5      | Killed Ablot's ghost
 11078 | D:5      | Reached ***** piety under Okawaru
 11210 | D:6      | Killed Zero1's ghost
 11210 | D:6      | Received a gift from Okawaru
 11211 | D:6      | Reached XP level 11. HP: 84/84 MP: 17/22
 11580 | D:8      | Noticed a seven-headed hydra
 11580 | D:8      | Noticed a six-headed hydra
 11580 | D:8      | Noticed a seven-headed hydra
 11581 | D:8      | Found a runed translucent door.
 11583 | D:8      | Noticed a cyclops
 11583 | D:8      | Noticed a death knight
 11630 | D:8      | Learned a level 2 spell: Wereblood
 11691 | D:8      | Reached skill level 5 in Conjurations
 11691 | D:8      | Reached skill level 5 in Hexes
 11691 | D:8      | Reached skill level 5 in Summonings
 11691 | D:8      | Reached skill level 5 in Necromancy
 11691 | D:8      | Reached skill level 5 in Transmutations
 11691 | D:8      | Reached skill level 5 in Fire Magic
 11691 | D:8      | Reached skill level 5 in Ice Magic
 11691 | D:8      | Reached skill level 5 in Air Magic
 11691 | D:8      | Reached skill level 5 in Earth Magic
 11691 | D:8      | Reached skill level 5 in Poison Magic
 12297 | D:9      | Received a gift from Okawaru
 12395 | D:9      | Reached skill level 8 in Spellcasting
 13023 | D:10     | Entered Level 10 of the Dungeon
 13140 | D:10     | Noticed a two-headed ogre
 13165 | D:10     | Killed a two-headed ogre
 13471 | D:10     | Noticed a two-headed ogre
 13494 | D:10     | Killed a two-headed ogre
 13713 | D:10     | Found a staircase to the Lair.
 13963 | D:10     | Found Wuffaw's Antique Armour Emporium.
 14013 | D:10     | Noticed a two-headed ogre
 14035 | D:10     | Killed a two-headed ogre
 14092 | D:10     | Found a staircase to the Orcish Mines.
 14092 | D:10     | Noticed an orc sorcerer
 14125 | D:10     | Killed an orc sorcerer
 14610 | D:11     | Noticed a manticore
 14611 | D:11     | Killed a manticore
 14903 | D:11     | Identified the +6 chain mail "Ischus Gaelug" {Int+6}
                  | (Okawaru gifted it to you on level 11 of the Dungeon)
 14903 | D:11     | Received a gift from Okawaru
 14904 | D:11     | Reached XP level 12. HP: 42/94 MP: 24/24
 15222 | D:11     | Noticed a two-headed ogre
 15236 | D:11     | Killed a two-headed ogre
 16492 | D:12     | Identified the ring of Xybbux {Fire rElec rN+ Str+3 Stlth-}
 16930 | D:12     | Reached skill level 9 in Spellcasting
 17378 | D:12     | Noticed a great orb of eyes
 17412 | D:12     | Killed a great orb of eyes
 18284 | D:13     | Noticed a boulder beetle
 18323 | D:13     | Slain by a boulder beetle

Illustrated notes

Levels and vault maps discovered:
D:1:      roderic_chinese_lattice_arrival, layout_basic,
          shapermc_ecumenical_altar_gd
D:2:      layout_basic, uniq_terence
D:3:      layout_basic
D:4:      layout_loops_cross, nicolae_dithmenos_the_darkroom
D:5:      layout_cave_pools, minmay_temple_entry_glass, gammafunk_ghost_smash,
          serial_bayou_crossing
D:6:      kennysheep_windowed_halls, layout_basic, gammafunk_ghost_hive
D:7:      minmay_the_grid_triangle_9x9_recursive_2
          [minmay_the_grid_triangle_9x9_prize_special,
          minmay_the_grid_triangle_9x9_subtriangle,
          minmay_the_grid_triangle_9x9_tough_junction,
          minmay_the_grid_triangle_9x9_descending_squares], layout_rooms,
          kennysheep_cluttered_room
D:8:      minmay_gate_of_8, layout_basic
D:9:      layout_basic
D:10:     layout_loops_ring, erik_lair_orcish_takeover, zombieorc2_lemuel,
          serial_shops, nicolae_shop_crystal
D:11:     layout_loops_ring
D:12:     layout_basic
D:13:     layout_loops_ring, grunt_vaults_entry_tiered, serial_bayou_lagoon_b
Temple:   dpeg_three_leaves_temple

Skill      XL: |  1  2  3  4  5  6  7  8  9 10 11 12 |
---------------+-------------------------------------+-----
Spellcasting   | 5 6 7 8 9 |  9.1
Short Blades   | 1 2 3 4 5 6 7 |  7.5
Long Blades    | 1 2 3 4 5 6 7 |  7.5
Axes           | 1 2 3 4 5 6 7 |  7.5
Maces & Flails | 1 2 3 4 5 6 7 |  7.5
Staves         | 1 2 3 4 5 6 7 |  7.5
Slings         | 1 2 3 4 5 6 7 |  7.5
Bows           | 1 2 3 4 5 6 7 |  7.5
Crossbows      | 1 2 3 4 5 6 7 |  7.5
Stealth        | 1 2 3 4 5 6 7 |  7.5
Shields        | 1 2 3 4 5 6 7 |  7.5
Unarmed Combat | 1 2 3 4 5 6 7 |  7.5
Invocations    | 1 2 3 4 5 6 7 8 |  8.3
Evocations     | 1 2 3 4 5 6 7 |  7.5
Conjurations   | 1 2 3 4 5 6 |  6.3
Hexes          | 1 2 3 4 5 6 |  6.3
Summonings     | 1 2 3 4 5 6 |  6.3
Necromancy     | 1 2 3 4 5 6 |  6.3
Transmutations | 1 2 3 4 5 6 |  6.3
Fire Magic     | 1 2 3 4 5 6 |  6.3
Ice Magic      | 1 2 3 4 5 6 |  6.3
Air Magic      | 1 2 3 4 5 6 |  6.3
Earth Magic    | 1 2 3 4 5 6 |  6.3
Poison Magic   | 1 2 3 4 5 6 |  6.3
Throwing       | 3 4 5 6 7 8 |  8.0
Armour         | 3 4 5 6 7 8 |  8.0
Fighting       | 5 6 7 8 |  8.9
Polearms       | 5 6 7 8 |  8.9
Dodging        | 5 6 7 8 |  8.9
Translocations | 6 7 8 |  8.4

Action                   |  1- 3 |  4- 6 |  7- 9 | 10-12 || total
-------------------------+-------+-------+-------+-------++-------
Melee: Spear             |    26 |       |       |   109 ||   135
       Whip              |    13 |       |       |       ||    13
       Bite              |    12 |    22 |    43 |   129 ||   206
       Dagger            |    66 |   232 |   150 |       ||   448
       Punch             |     2 |     9 |     6 |       ||    17
       Halberd           |       |       |   166 |   149 ||   315
       Trident           |       |       |    17 |       ||    17
       Short sword       |       |       |       |   575 ||   575
Throw: Dart              |     5 |     5 |     5 |    21 ||    36
 Cast: Wereblood         |       |       |       |     5 ||     5
       Blink             |       |       |       |     2 ||     2
Invok: Heroism           |       |       |       |    12 ||    12
       Finesse           |       |       |       |     5 ||     5
  Use: Scroll            |       |       |       |     5 ||     5
 Stab: Sleeping          |     1 |     2 |     5 |     8 ||    16
       Distracted        |       |     1 |       |     5 ||     6
Armor: Leather armour    |    24 |    35 |   107 |    64 ||   230
       Steam dragon scal |       |       |       |   106 ||   106
Dodge: Dodged            |    37 |   112 |   215 |   350 ||   714
       Repelled          |       |       |       |     3 ||     3
Block: Buckler           |       |       |       |   141 ||   141
